 Dungeon Crawl Stone Soup version 0.31-a0-360-gb3e1d13bf4 (webtiles) character file.

Game seed: 14516341547740912913

104 cforsyth the Charlatan (level 4, -1/34 HPs)
             Began as a Gnoll Artificer on July 26, 2023.
             Killed by divine providence
             ... invoked by an orc priest
              (10 damage)
             ... on level 4 of the Dungeon.
             The game lasted 00:02:44 (2735 turns).

cforsyth the Charlatan (Gnoll Artificer)            Turns: 2735, Time: 00:02:44

Health: -1/34      AC: 17    Str: 12    XL:     4   Next: 80%
Magic:  5/5        EV:  4    Int: 12    God:
Gold:   129        SH:  0    Dex: 12    Spells: 5/5 levels left

rFire   . . .        p - +2 dagger (protect)
rCold   . . .        (no shield)
rNeg    . . .        n - +0 chain mail
rPois   .            o - +0 helmet
rElec   .            (no cloak)
rCorr   .            (no gloves)
SInv    .            (no boots)
Will    .....        j - amulet of the acrobat Stlth
                     (no ring)
HPRegen 0.25/turn    (no ring)
MPRegen 0.09/turn

%: acrobat
@: under a protective aura, constricted
A: fangs 1, strong nose, distributed training
a: no special abilities


You were on level 4 of the Dungeon.
You visited 1 branch of the dungeon, and saw 4 of its levels.

You collected 129 gold pieces.

Inventory:

Hand Weapons
 a - a +0 club
 p - a +2 dagger of protection (weapon)
Missiles
 w - 5 poisoned darts
Armour
 b - a +0 leather armour
 n - a +0 chain mail (worn)
 o - a +0 helmet (worn)
Jewellery
 j - an amulet of the acrobat (around neck)
Wands
 c - a wand of flame (14) (quivered)
 d - a wand of charming (15)
 e - a wand of iceblast (4)
 t - a wand of mindburst (11)
Scrolls
 f - a scroll of torment {unknown}
 g - 2 scrolls of teleportation {unknown}
 h - a scroll of silence {unknown}
 i - a scroll of enchant weapon {unknown}
 k - 5 scrolls of identify {unknown}
 l - a scroll of noise {unknown}
 m - 2 scrolls of enchant armour {unknown}
 q - 2 scrolls of acquirement {unknown}
 u - a scroll of fog {unknown}
Potions
 r - a potion of brilliance {unknown}
 s - 3 potions of curing {unknown}
 v - 3 potions of haste {unknown}
 x - a potion of might {unknown}


   Skills:
 + Level 2.8 Fighting
 + Level 1.2 Short Blades
 + Level 1.2 Long Blades
 + Level 1.2 Axes
 + Level 1.2 Maces & Flails
 + Level 1.2 Polearms
 + Level 1.2 Staves
 + Level 1.2 Ranged Weapons
 + Level 1.2 Throwing
 + Level 4.7 Armour
 + Level 2.8 Dodging
 + Level 2.6 Stealth
 + Level 1.2 Shields
 + Level 1.2 Unarmed Combat
 + Level 1.2 Spellcasting
 + Level 1.0 Conjurations
 + Level 1.0 Hexes
 + Level 1.0 Summonings
 + Level 1.0 Necromancy
 + Level 1.0 Translocations
 + Level 1.0 Transmutations
 + Level 1.0 Fire Magic
 + Level 1.0 Ice Magic
 + Level 1.0 Air Magic
 + Level 1.0 Earth Magic
 + Level 1.0 Poison Magic
 + Level 1.4 Invocations
 + Level 6.6 Evocations
 + Level 1.0 Shapeshifting


You had 5 spell levels left.
You didn't know any spells.
Your spell library contained the following spells:

 Spells                   Type           Power      Damage    Failure   Level
 Apportation              Tloc           6%         N/A       98%         1
 Lesser Beckoning         Tloc           6%         N/A       99%         2
 Frozen Ramparts          Ice            6%         1d1       100%        3
 Gell's Gravitas          Tloc           3%         N/A       100%        3
 Teleport Other           Tloc           3%         N/A       100%        3
 Petrify                  Tmut/Erth      3%         N/A       100%        4
 Alistair's Intoxication  Tmut/Pois      2%         N/A       100%        5
 Metabolic Englaciation   Hex/Ice        1%         N/A       100%        5


Dungeon Overview and Level Annotations

Branches:
Dungeon (4/15)
 Temple: D:4-7

Altars:

Shops:
D:1 :   D:2 (


Innate Abilities, Weirdness & Mutations

You have very sharp teeth.
Your uncanny sense of smell can sniff out nearby items.
Your experience applies equally to all skills.


Message History

You are too injured to fight recklessly!
You are too injured to fight recklessly!
You hit the orc priest.
The orc priest is heavily wounded.
The orc priest barely misses you.
The ball python bites you but does no damage.
The ball python constricts you.
You hit the orc priest.
The orc priest is severely wounded.
The ball python bites you but does no damage.
The ball python constricts you.
The orc priest hits you with a +0 hand axe.
* * * LOW HITPOINT WARNING * * *
You closely miss the orc priest.
The orc priest is severely wounded.
The ball python bites you but does no damage.
The ball python constricts you.
The orc priest hits you but does no damage.
You closely miss the orc priest.
The orc priest is severely wounded.
The ball python bites you but does no damage.
The ball python constricts you.
The orc priest hits you with a +0 hand axe.
* * * LOW HITPOINT WARNING * * *
You hit the orc priest.
The orc priest is almost dead.
The ball python completely misses you. The ball python constricts you.
The orc priest hits you but does no damage.
The ball python bites you but does no damage.
The ball python constricts you.
You barely miss the orc priest.
The orc priest is almost dead.
The orc priest hits you but does no damage.
The ball python bites you but does no damage.
The ball python constricts you.
You hit the orc priest but do no damage.
The orc priest is almost dead.
The orc priest mumbles some strange prayers to Beogh against you.
Beogh smites you!
You die...

#........##.# #.#
#........##.#####.#
............o.o..#
...#....########.#
#.#....# #.#
#.#....# #.#
##.#....###### ###
+.<#S........#
##.@......##.#
#.....o.........
#.......#......#
..............#.##
..#.##..........#
∆.................
... ###...##.#####
.. ....# .#


You could see an orc priest and a ball python.

Vanquished Creatures
  2 orc priests (D:3)
  A dart slug (D:2)
  3 orcs
  7 endoplasms
  A giant cockroach (D:1)
  3 goblins
  5 hobgoblins
  2 jackals (D:3)
  3 kobolds
  A quokka (D:2)
  3 ball pythons
  2 bats
  A frilled lizard (D:3)
  2 rats (D:3)
36 creatures vanquished.

Notes
Turn   | Place    | Note
-------+----------+-------------------------------------------
     0 | D:1      | cforsyth the Gnoll Artificer began the quest for the Orb.
     0 | D:1      | Reached XP level 1. HP: 17/17 MP: 1/1
     7 | D:1      | Found Zufeth Vukk's Book Emporium.
   293 | D:1      | Found a faded altar of an unknown god.
   577 | D:2      | Reached XP level 2. HP: 23/23 MP: 2/2
   618 | D:2      | Found Foggaef's Weapon Boutique.
  1490 | D:3      | Reached XP level 3. HP: 22/28 MP: 3/3
  1586 | D:3      | Reached skill level 1 in Short Blades
  1586 | D:3      | Reached skill level 1 in Long Blades
  1586 | D:3      | Reached skill level 1 in Axes
  1586 | D:3      | Reached skill level 1 in Maces & Flails
  1586 | D:3      | Reached skill level 1 in Polearms
  1586 | D:3      | Reached skill level 1 in Staves
  1586 | D:3      | Reached skill level 1 in Ranged Weapons
  1586 | D:3      | Reached skill level 1 in Throwing
  1586 | D:3      | Reached skill level 1 in Shields
  1586 | D:3      | Reached skill level 1 in Unarmed Combat
  1586 | D:3      | Reached skill level 1 in Spellcasting
  1586 | D:3      | Reached skill level 1 in Invocations
  1586 | D:3      | Reached XP level 4. HP: 4/34 MP: 3/5
  2510 | D:4      | HP: 1/34 [orc priest/divine providence (12)]
  2674 | D:3      | Reached skill level 1 in Conjurations
  2674 | D:3      | Reached skill level 1 in Hexes
  2674 | D:3      | Reached skill level 1 in Summonings
  2674 | D:3      | Reached skill level 1 in Necromancy
  2674 | D:3      | Reached skill level 1 in Translocations
  2674 | D:3      | Reached skill level 1 in Transmutations
  2674 | D:3      | Reached skill level 1 in Fire Magic
  2674 | D:3      | Reached skill level 1 in Ice Magic
  2674 | D:3      | Reached skill level 1 in Air Magic
  2674 | D:3      | Reached skill level 1 in Earth Magic
  2674 | D:3      | Reached skill level 1 in Poison Magic
  2674 | D:3      | Reached skill level 1 in Shapeshifting
  2735 | D:4      | Killed from afar by an orc priest

Illustrated notes

Levels and vault maps discovered:
D:1:      nicolae_arrival_memento_mori, layout_rooms, serial_shops, shop,
          shapermc_ecumenical_altar_petra
D:2:      layout_loops_cross, serial_shops, shop
D:3:      layout_basic
D:4:      layout_basic, temple_green, kennysheep_nub

Skill      XL: |  1  2  3  4 |
---------------+-------------+-----
Short Blades   | 1 |  1.2
Long Blades    | 1 |  1.2
Axes           | 1 |  1.2
Maces & Flails | 1 |  1.2
Polearms       | 1 |  1.2
Staves         | 1 |  1.2
Ranged Weapons | 1 |  1.2
Throwing       | 1 |  1.2
Shields        | 1 |  1.2
Unarmed Combat | 1 |  1.2
Spellcasting   | 1 |  1.2
Invocations    | 1 |  1.4
Conjurations   | 1 |  1.0
Hexes          | 1 |  1.0
Summonings     | 1 |  1.0
Necromancy     | 1 |  1.0
Translocations | 1 |  1.0
Transmutations | 1 |  1.0
Fire Magic     | 1 |  1.0
Ice Magic      | 1 |  1.0
Air Magic      | 1 |  1.0
Earth Magic    | 1 |  1.0
Poison Magic   | 1 |  1.0
Shapeshifting  | 1 |  1.0
Fighting       | |  2.8
Armour         | |  4.7
Dodging        | |  2.8
Stealth        | |  2.6
Evocations     | |  6.6

Action                     |  1- 3 |  4- 6 || total
---------------------------+-------+-------++-------
  Melee: Club              |    32 |       ||    32
         Bite              |     5 |     1 ||     6
         Dagger            |    67 |    52 ||   119
         Punch             |     1 |       ||     1
  Throw: Dart              |       |     3 ||     3
  Evoke: Wand              |     1 |     1 ||     2
 Armour: Chain mail        |    39 |    32 ||    71
         Leather armour    |     2 |       ||     2
  Dodge: Dodged            |    35 |    16 ||    51

Table legend: (Time is in decaauts)
 A = Elapsed time spent in this place.
 B = Non-inter-level travel time spent in this place.
 C = Inter-level travel time spent in this place.
 D = Time resting spent in this place.
 E = Time spent auto-exploring this place.
 F = Levels seen in this place.
 G = Mean time per level.
                   A        B        C        D        E       F      G
               +--------+--------+--------+--------+--------+-----+--------+
         Total |   2742 |   2598 |    144 |    180 |   2057 |   4 |  685.5 |
       Dungeon |   2742 |   2598 |    144 |    180 |   2057 |   4 |  685.5 |
               +--------+--------+--------+--------+--------+-----+--------+

Top non-repeatable levels by time:
     D:3: 1342 daAuts
     D:2: 734 daAuts
     D:1: 582 daAuts
     D:4: 84 daAuts
